 Dungeon Sprint DCSS version 0.31-a0-256-g80acddb972 (webtiles) character file.

Game seed: 13391988494754402491

421 Conn the Arsonist (level 6, -8/36 HPs)
             Began as an Octopode Fire Elementalist on July 13, 2023.
             Was an Initiate of Sif Muna.
             Mangled by a nameless horror (11 damage)
             ... created by miscasting Summon Guardian Golem
             ... in the Dungeon (Sprint II: "The Violet Keep of Menkaure").
             The game lasted 00:08:17 (602 turns).

Conn the Arsonist (Octopode Fire Elementalist)       Turns: 602, Time: 00:08:18

Health: -8/36      AC:  1    Str:  6 (7)  XL:     6   Next: 94%
Magic:  0/15       EV: 14    Int: 19      God:    Sif Muna [......]
Gold:   387        SH:  0    Dex: 11 (13) Spells: 1/18 levels left

rFire   + . .        t - +0 short sword
rCold   + . .        (no shield)
rNeg    . . .        (helmet restricted)
rPois   +            (no amulet)
rElec   +            (no ring)
rCorr   +            (no ring)
SInv    .            (no ring)
Will    +....        (no ring)
Stlth   +++          (no ring)
HPRegen 0.26/turn    (no ring)
MPRegen 0.14/turn    (no ring)
                     (no ring)

%: no teleportation
@: silenced, resistant, enlightened, flying, very slightly contaminated, hasted,
unable to drink, very quick
A: almost no armour, amphibious, 8 rings, camouflage 1, gelatinous body 1,
(nimble swimmer 1), tentacles, inability to drink after injury 1
a: Renounce Religion


You were in the Dungeon.
You worshipped Sif Muna.
Sif Muna was noncommittal.
You visited 1 branch You collected 387 gold pieces.

Inventory:

Hand Weapons
 t - a +0 short sword (weapon)
Missiles
 u - 48 stones (quivered)
Jewellery
 i - a ring of resist corrosion
Scrolls
 e - 2 scrolls of amnesia {unknown}
 f - a scroll of blinking
 h - 2 scrolls of identify {unknown}
 l - a scroll of fog {unknown}
 m - a scroll of fear {unknown}
 o - a scroll of brand weapon {unknown}
 p - 2 scrolls of enchant weapon {unknown}
 r - a scroll of poison {unknown}
Potions
 a - 4 potions of magic
 b - a potion of curing
 g - 2 potions of resistance
 n - 2 potions of mutation
 s - 2 potions of enlightenment


   Skills:
 + Level 4.8 Dodging
 - Level 7.0 Stealth
 - Level 3.1 Unarmed Combat
 * Level 6.5 Spellcasting
 * Level 2.1 Conjurations
 + Level 10.6 Fire Magic


You had one spell level left.
You knew the following spells:

 Your Spells              Type           Power      Damage    Failure   Level
a - Foxfire               Conj/Fire      100%       2x1d9     1%          1
b - Scorch                Fire           92%        2d8       1%          2
c - Inner Flame           Hex/Fire       26%        N/A       3%          3
d - Flame Wave            Conj/Fire      30%        2d9       8%          4
e - Mephitic Cloud        Conj/Pois/Air  8%         N/A       24%         3
f - Summon Guardian Gole  Hex/Summ       6%         N/A       32%         3
g - Summon Small Mammal   Summ           24%        N/A       11%         1

Your spell library contained the following spells:

 Spells                   Type           Power      Damage    Failure   Level
 Magic Dart               Conj           56%        1d5       4%          1
 Volatile Blastmotes      Fire/Tloc      52%        2d14      3%          3
 Call Imp                 Summ           12%        N/A       16%         2
 Call Canine Familiar     Summ           6%         N/A       32%         3


Dungeon Overview and Level Annotations

Branches:
Dungeon (1/1)

Altars:
Cheibriados
Dithmenos
Elyvilon
Fedhas
Gozag
Hepliaklqana
Kikubaaqudgha
Makhleb
Nemelex Xobeh
Okawaru
Qazlal
Ru
Sif Muna
Trog
Uskayaw
Vehumet
Wu Jian
Xom
Yredelemnul
Zin
The Shining One
Jiyva
Lugonu


Innate Abilities, Weirdness & Mutations

You cannot wear most types of armour.
You are amphibious.
You can wear up to eight rings at the same time.
Your skin changes colour to match your surroundings (Stealth+).
Your rubbery body absorbs attacks. (AC +1, EV +1)
((You are camouflaged when in or above water. (Stealth+)))
You have tentacles for arms and can constrict up to eight enemies at once.
You occasionally lose the ability to drink potions when taking damage.


Message History

Blink to where?
Press: ? - help, Dir - move target
As you read the scroll of blinking, it crumbles to dust.
Okay, then.
You cannot drink potions in your current state!
Unknown command.
As you read the scroll labelled YRUAQI JEOGET, it crumbles to dust.
You feel aware of your surroundings.
You sensed 36 shops/portals.
It was a scroll of revelation.
Found 3 potions of enlightenment and 432 gold pieces.
This is a scroll of acquirement!
Something appears before you!
As you read the scroll labelled BORAWK EFON, it crumbles to dust.
A profound silence engulfs you.
It was a scroll of silence.
You can drink potions again.
You feel much better.
You feel yourself speed up. The nameless horror misses you.
Okay, then.
Unknown command.
You hit the nameless horror.
The nameless horror is heavily damaged.
You hit the nameless horror but do no damage.
The nameless horror is heavily damaged.
The nameless horror hits you!
You feel threatened and lose the ability to drink potions!
* * * LOW HITPOINT WARNING * * *
You feel your power leaking away.
You hit the nameless horror but do no damage.
You squeeze the nameless horror, but do no damage.
The nameless horror is heavily damaged.
The nameless horror hits you!
* * * LOW HITPOINT WARNING * * *
You cannot drink potions in your current state!
Magic scrolls do not work when you're silenced!
You hit the nameless horror.
The nameless horror is heavily damaged.
You hit the nameless horror but do no damage.
The nameless horror is heavily damaged.
The nameless horror hits you!
You die...

*,,,,,,,,*,,,,,*,,,*,**,,*,,,**,,
*,,,,,,,,▓.....▓.▓▓▓$♣♣$,**,,**,,
**⌠,,,,*+▓▓▓G.M▓...▓.♣♣.,**,,*,,,
~**,,,,*,9▓▓▓+▓▓▓▓.▓.♣$.,**,,,,,,
~~**++**,9E+°○.▓0..▓D.$.,********
~**~,,,**#E#.○.▓▓▓▓▓▓▓▓▓▓*******,
**,~,,,,,###○.○▓§§§≈≈§≈§▓▓*^,^,*,
*****,,,,#k##)○▓▓▓▓▓▓▓▓▓▓▓*+**,*,
,*,,+,,,,#9k#|[▓@......)▓▓,,,*,*,
.*,,****,#kk#))▓.X.)).[.▓▓,⌠,*,*,
.####,,+.##.#")▓......()▓▓,,,*,*,
,...#,,*.^.####▓..).)...▓▓,,,*,*,
##..##**#^.##c#▓).......▓▓,,,*,*,
.##..#,,+..#hy#▓..[[...[▓▓,,,*,*,
..#..#,,#..#hh#▓.).(....▓▓,⌠,*,*,
##†..####..##.#▓........▓▓,,,*^*,
#.#§...###...##▓▓▓▓▓▓▓+▓▓▓▓+▓*,**


You could see a nameless horror (unsilenced).

Vanquished Creatures
  3 neqoxecs (D)
  A water moccasin (D)
  3 worms (D)
7 creatures vanquished.

Vanquished Creatures (others)
  A neqoxec (D)
  6 foxfires (D)
7 creatures vanquished.

Grand Total: 14 creatures vanquished

Notes
Turn   | Place    | Note
-------+----------+-------------------------------------------
     0 | D        | Conn the Octopode Fire Elementalist began the quest for the
                  | Orb.
     0 | D        | Reached XP level 1. HP: 11/11 MP: 3/3
     1 | D        | Noticed a wyvern
     1 | D        | Noticed a wyvern
     4 | D        | Noticed a merfolk siren
    10 | D        | Noticed a neqoxec
    17 | D        | Gained mutation: Your spells are a little easier to cast,
                  | but a little less powerful. [a neqoxec]
    21 | D        | Killed a neqoxec
    22 | D        | Reached skill level 5 in Stealth
    22 | D        | Reached skill level 1 in Unarmed Combat
    22 | D        | Reached skill level 7 in Fire Magic
    22 | D        | Reached XP level 2. HP: 11/17 MP: 4/7
    22 | D        | Reached XP level 3. HP: 14/21 MP: 4/8
    22 | D        | Reached XP level 4. HP: 18/27 MP: 5/10
    22 | D        | Reached XP level 5. HP: 21/31 MP: 5/11
    28 | D        | Learned a level 2 spell: Scorch
    32 | D        | Learned a level 3 spell: Inner Flame
    37 | D        | Learned a level 4 spell: Flame Wave
    55 | D        | Reached skill level 8 in Fire Magic
    61 | D        | Noticed a neqoxec
    71 | D        | Killed a neqoxec
    72 | D        | Reached skill level 5 in Spellcasting
    72 | D        | Reached skill level 9 in Fire Magic
    72 | D        | Reached XP level 6. HP: 29/36 MP: 4/13
    89 | D        | Noticed a neqoxec
    91 | D        | Found a blossoming altar of Fedhas.
    92 | D        | Found a white marble altar of Elyvilon.
    93 | D        | Found a shadowy altar of Dithmenos.
    93 | D        | Found a corrupted altar of Lugonu.
    93 | D        | Found an opulent altar of Gozag.
    93 | D        | Found a burning altar of Makhleb.
    95 | D        | Gained mutation: Your body sometimes deteriorates upon
                  | taking damage. [a neqoxec]
    96 | D        | Noticed a water moccasin
    98 | D        | Killed a neqoxec
    99 | D        | Reached skill level 10 in Fire Magic
   104 | D        | Killed a water moccasin
   106 | D        | Noticed a neqoxec
   107 | D        | Found a snail-covered altar of Cheibriados.
   107 | D        | Found an ancient bone altar of Kikubaaqudgha.
   107 | D        | Found a bloodstained altar of Trog.
   108 | D        | Found a viscous altar of Jiyva.
   108 | D        | Found a shimmering blue altar of Sif Muna.
   108 | D        | Noticed a flying skull
   109 | D        | Found a hazy altar of Hepliaklqana.
   109 | D        | Found a sacrificial altar of Ru.
   110 | D        | Found a shimmering altar of Xom.
   111 | D        | Found a stormy altar of Qazlal.
   111 | D        | Found an ornate altar of the Wu Jian Council.
   111 | D        | Found a sparkling altar of Nemelex Xobeh.
   111 | D        | Found a hide-covered altar of Uskayaw.
   111 | D        | Found a basalt altar of Yredelemnul.
   111 | D        | Found a glowing golden altar of the Shining One.
   112 | D        | Found an iron altar of Okawaru.
   112 | D        | Found a radiant altar of Vehumet.
   112 | D        | Found a glowing silver altar of Zin.
   116 | D        | Noticed a water moccasin
   117 | D        | Noticed a water moccasin
   119 | D        | Became a worshipper of Sif Muna the Loreminder
   126 | D        | Killed a neqoxec
   132 | D        | Noticed a water moccasin
   133 | D        | Noticed a kraken
   142 | D        | Found the -2 hat of the Alchemist {rElec rPois rF+ rC+ rN+
                  | Will+ rMut rCorr}
   252 | D        | Learned a level 3 spell: Mephitic Cloud
   256 | D        | Learned a level 3 spell: Summon Guardian Golem
   258 | D        | Learned a level 1 spell: Summon Small Mammal
   583 | D        | Noticed a nameless horror
   590 | D        | Lost mutation: Your spells are a little easier to cast, but
                  | a little less powerful. [potion of mutation]
   590 | D        | Lost mutation: Your body sometimes deteriorates upon taking
                  | damage. [potion of mutation]
   590 | D        | Gained mutation: You occasionally lose the ability to drink
                  | potions when taking damage. [potion of mutation]
   593 | D        | Noticed a golden eye
   593 | D        | Noticed a royal mummy
   593 | D        | Noticed an electric golem
   593 | D        | Noticed a toenail golem
   593 | D        | Noticed a quicksilver dragon
   593 | D        | Noticed a death drake
   593 | D        | Noticed a crystal guardian
   593 | D        | Noticed a death drake
   593 | D        | Noticed a swamp drake
   593 | D        | Noticed a swamp drake
   593 | D        | Noticed a yaktaur
   593 | D        | Noticed a polar bear
   593 | D        | Noticed a hornet
   593 | D        | Noticed a polar bear
   593 | D        | Noticed a polar bear
   594 | D        | Identified a scroll of acquirement
   594 | D        | Acquired 1017 gold pieces
   602 | D        | Mangled by a nameless horror

Illustrated notes

Levels and vault maps discovered:
D:        the_violet_keep_of_menkaure [sprint2_stairs_cluster_1,
          sprint2_shoproom, sprint2_temple, sprint2_basic_supplies,
          sprint2_obstacle_1, sprint2_obstacle_3, sprint2_obstacle_7,
          sprint2_obstacle_2, sprint2_obstacle_4, sprint2_timed_cluster_1,
          sprint2_smallroom_cluster_1, sprint2_smallroom_final_cluster_1,
          sprint2_transparent_cluster_1, sprint2_second_timed_cluster_1,
          sprint2_sniper_area_1, sprint2_heavy_combat_area_1,
          sprint2_mutation_trap_area_1, sprint2_forest_area_1,
          sprint2_light_combat_area_1, sprint2_behind_water_1,
          sprint2_near_end_vault_1]

Skill      XL: |  1  2  3  4  5  6 |
---------------+-------------------+-----
Dodging        | 3 4 |  4.8
Stealth        | 5 6 7 |  7.0
Unarmed Combat | 1 2 3 |  3.1
Spellcasting   | 4 5 6 |  6.5
Fire Magic     | 7 9 10 | 10.6
Conjurations   | 2 |  2.1

Action                     |  1- 3 |  4- 6 || total
---------------------------+-------+-------++-------
  Melee: Unarmed           |     7 |     9 ||    16
         Tentacles         |     2 |     5 ||     7
         Constrict         |     1 |     2 ||     3
         Short sword       |       |     7 ||     7
         Punch             |       |     1 ||     1
  Throw: Dart              |       |     3 ||     3
         Stone             |       |     2 ||     2
   Cast: Scorch            |       |    11 ||    11
         Flame Wave        |       |     3 ||     3
         Summon Small Mamm |       |    16 ||    16
         Inner Flame       |       |     6 ||     6
         Foxfire           |       |     3 ||     3
    Use: Potion            |     2 |     7 ||     9
         Scroll            |       |     4 ||     4
  Dodge: Dodged            |     2 |    11 ||    13

Table legend: (Time is in decaauts)
 A = Elapsed time spent in this place.
 B = Non-inter-level travel time spent in this place.
 C = Inter-level travel time spent in this place.
 D = Time resting spent in this place.
 E = Time spent auto-exploring this place.
 F = Levels seen in this place.
 G = Mean time per level.
                   A        B        C        D        E       F      G
               +--------+--------+--------+--------+--------+-----+--------+
         Total |    592 |    592 |      0 |    208 |      0 |   1 |  592.0 |
       Dungeon |    592 |    592 |      0 |    208 |      0 |   1 |  592.0 |
               +--------+--------+--------+--------+--------+-----+--------+

Top non-repeatable levels by time:
       D: 592 daAuts
